 Dungeon Crawl Stone Soup version 0.27-a0-1322-gfdffb62a71 (webtiles) character file.

Game seed: 9249344314925368911

11113 pokeman the Thaumaturge (level 11, -4/61 HPs)
             Began as a Deep Elf Hedge Wizard on June 22, 2021.
             Was an Elder of Vehumet.
             Engulfed by a cloud of freezing vapour (11 damage)
             ... in an ice cave on June 23, 2021.
             The game lasted 00:50:12 (15108 turns).

pokeman the Thaumaturge (Deep Elf Hedge Wizard)    Turns: 15108, Time: 00:50:13

Health: -4/61      AC:  7    Str:  7    XL:     11   Next: 45%
Magic:  29/31      EV: 12    Int: 23    God:    Vehumet [****..]
Gold:   636        SH:  0    Dex: 14    Spells: 24/39 levels left

rFire    . . .     SeeInvis .   L - +0 arbalest
rCold    + . .     Faith    .   (shield currently unavailable)
rNeg     . . .     Spirit   .   M - +2 leather armour {rC+}
rPois    .         Reflect  .   n - +0 helmet
rElec    .         Harm     .   (no cloak)
rCorr    .         Rampage  .   c - +0 pair of gloves
Will     +....                  (no boots)
Stlth    ++........             q - amulet of regeneration
HPRegen  1.20/turn              (no ring)
MPRegen  0.22/turn              (no ring)

@: very slightly contaminated
A: talons 1, evolution 1
a: Renounce Religion


You were in an ice cave.
You worshipped Vehumet.
Vehumet was greatly pleased with you.
You visited 2 branches of the dungeon, and saw 12 of its levels.
You also visited: Ice Cave.

You collected 636 gold pieces.

Inventory:

Hand Weapons
 b - a +0 whip of electrocution
 t - a +0 shortbow
 L - a +0 arbalest (weapon)
Missiles
 g - 205 arrows
 o - 6 curare-tipped darts
 r - 127 bolts (quivered ammo)
 x - 5 atropa-tipped darts
Armour
 c - a +0 pair of gloves (worn)
 n - a +0 helmet (worn)
 B - a +0 kite shield
 E - a +0 troll leather armour
 M - a +2 leather armour of cold resistance (worn)
Jewellery
 q - an amulet of regeneration (around neck)
Wands
 N - a wand of polymorph (12)
Scrolls
 d - 5 scrolls of magic mapping
 i - a scroll of identify
 j - 2 scrolls of enchant armour {unknown}
 k - 3 scrolls of teleportation {unknown}
 l - a scroll of blinking {unknown}
 m - a scroll of noise {unknown}
 w - 5 scrolls of amnesia {unknown}
 y - a scroll of fog {unknown}
 z - 2 scrolls of acquirement {unknown}
 A - 2 scrolls of vulnerability {unknown}
 D - a scroll of silence {unknown}
 F - 3 scrolls of immolation {unknown}
 G - a scroll of enchant weapon {unknown}
Potions
 a - 2 potions of haste
 h - 2 potions of berserk rage
 p - 3 potions of brilliance
 s - 4 potions of heal wounds
 v - a potion of flight
Miscellaneous
 J - a lightning rod (inert)


   Skills:
 - Level 4.1 Fighting
 + Level 3.7 Armour
 - Level 3.0 Dodging
 - Level 3.0 Stealth
 - Level 3.0 Shields
 * Level 14.8 Spellcasting
 + Level 9.0 Conjurations
 - Level 1.1 Summonings
 - Level 1.1 Translocations
 + Level 8.5 Fire Magic
 - Level 1.0 Air Magic
 - Level 1.0 Poison Magic
 - Level 1.0 Evocations


You had 24 spell levels left.
You knew the following spells:

 Your Spells              Type           Power      Damage    Failure   Level
a - Magic Dart            Conj           100%       1d8       1%          1
b - Mephitic Cloud        Conj/Pois/Air  34%        N/A       1%          3
c - Call Imp              Summ           22%        N/A       4%          2
d - Blink                 Tloc           N/A        N/A       4%          2
e - Conjure Flame         Conj/Fire      55%        6-21      1%          3
f - Summon Lightning Spi  Summ/Air       22%        N/A       32%         4

Your spell library contained the following spells:

 Spells                   Type           Power      Damage    Failure   Level
 Hailstorm                Conj/Ice       37%        3d9       2%          4
 Dazzling Flash           Conj/Hex       74%        N/A       1%          3
 Summon Small Mammal      Summ           88%        N/A       3%          1
 Corona                   Hex            18%        N/A       4%          1
 Ensorcelled Hibernation  Hex/Ice        34%        N/A       8%          2
 Slow                     Hex            17%        N/A       8%          2
 Call Canine Familiar     Summ           22%        N/A       10%         3
 Summon Guardian Golem    Hex/Summ       19%        N/A       12%         3
 Confusing Touch          Hex            17%        N/A       16%         3
 Tukima's Dance           Hex            17%        N/A       16%         3
 Summon Ice Beast         Ice/Summ       19%        N/A       36%         4


Dungeon Overview and Level Annotations

Branches:
Dungeon (11/15)            Temple (1/1) D:6            Lair (0/6) D:8
    Orc (0/2) D:10          IceCv (1/1)

Altars:
Ashenzari
Cheibriados
Dithmenos
Elyvilon
Fedhas
Gozag
Hepliaklqana
Kikubaaqudgha
Makhleb
Nemelex Xobeh
Okawaru
Qazlal
Ru
Sif Muna
Trog
Uskayaw
Vehumet
Wu Jian
Xom
Yredelemnul
Zin
The Shining One

Shops:
D:10 [

Annotations:
IceCv exclusion: 2 ice statues


Innate Abilities, Weirdness & Mutations

You have sharp toenails.
You evolve.


Message History

The ice devil is almost dead.
Fire: 106 bolts
Press: ? - help, Q - select action, (/) - cycle Shift-Dir - straight line, f/p - ice devil
Aim: an ice devil (almost dead, 60% to hit)
You shoot a bolt. The bolt barely misses the ice devil.
Unknown command.
Fire: 105 bolts
Press: ? - help, Q - select action, (/) - cycle Shift-Dir - straight line, f/p - ice devil
Aim: an ice devil (almost dead, 60% to hit)
You shoot a bolt. The bolt hits the ice devil.
You kill the ice devil!
Vehumet accepts your kill.
You feel your power returning.
r - 107 bolts (gained 3)
r - 114 bolts (gained 7)
r - 117 bolts (gained 3)
r - 118 bolts (gained 1)
r - 120 bolts (gained 2)
r - 121 bolts (gained 1)
r - 122 bolts (gained 1)
r - 127 bolts (gained 5)
You start waiting.
You are engulfed in freezing vapours.
You resist.
You are engulfed in freezing vapours.
You resist.
You are engulfed in freezing vapours.
You resist.
You are engulfed in freezing vapours.
You resist.
You enter the shallow water.
Moving in this stuff is going to be slow.
You are engulfed in freezing vapours.
You resist.
* * * LOW HITPOINT WARNING * * *
You see here a bolt.
You start resting.
You are engulfed in freezing vapours.
You resist.
* * * LOW HITPOINT WARNING * * *
Casting: Conjure Flame (safe; 1% risk of failure)
Confirm with . or Enter, or press ? or * to list all spells.
You miscast Blink.
You are very lightly contaminated with residual magic.
Nothing appears to happen.
You are engulfed in freezing vapours.
You resist.
You die...

####(..# ##(.##
##..#..## #....#
##...#..# #(.#.## #
#.......#
##.##..#.#°
##..##...#
#..#..○..§§
#...###..#
#.§§§..○..§
#..##.#.##
#§.§#°☼.###
#..#....## #°§○#
.§§°○
#..##....###@°§#
..§☼
##..#....##§§§§###
§#.
#..##..)##§§§§°§# #
##..#.)##○°#§°§☼≈#
#..####○.###§§§§.§§
##.###☼°.# #☼.°..☼§
##..#§☼## #..○§..
#....## °.....
##..## #§§§§.


There were no monsters in sight!

Vanquished Creatures
  A hydra (D:9)
  3 two-headed ogres
  A cyclops (D:7)
  8 ice devils
  2 trolls
  Prince Ribbit (D:7)
  A shadow (D:10)
  A wyvern (D:10)
  A steam dragon (D:7)
  4 yaks (D:8)
  An acid dragon (D:10)
  4 water moccasins
  5 orc warriors
  An ogre (D:4)
  A wolf (D:8)
  5 centaurs
  3 kobold brigands
  6 bullfrogs
  A gnoll sergeant (D:5)
  2 scorpions
  A wyvern zombie (D:8)
  5 killer bees (D:9)
  3 wights (D:9)
  5 howler monkeys
  2 electric eels (D:8)
  4 centaur zombies
  7 jellies
  6 hounds
  8 orc priests
  2 centaur skeletons
  A gnoll shaman (D:3)
  10 orc wizards
  A killer bee zombie (D:9)
  A hound skeleton (D:4)
  Robin (D:3)
  9 adders
  10 gnolls
  A howler monkey skeleton (D:6)
  8 white imps (IceCv)
  7 ufetubi (IceCv)
  2 worms
  5 dart slugs
  53 orcs
  10 endoplasms
  8 hobgoblins
  3 jackals (D:3)
  4 quokkas
  7 ball pythons
  5 bats
  A frilled lizard (D:1)
  18 goblins
  19 kobolds
  5 rats
284 creatures vanquished.

Vanquished Creatures (collateral kills)
  A hound (D:8)
  A white imp (IceCv)
  An ufetubus (IceCv)
  An orc (D:8)
  2 kobolds (D:9)
6 creatures vanquished.

Vanquished Creatures (others)
  A reaper (IceCv)
  A white imp (IceCv)
  3 ufetubi (IceCv)
5 creatures vanquished.

Grand Total: 295 creatures vanquished

Notes
Turn   | Place    | Note
-------+----------+-------------------------------------------
     0 | D:1      | pokeman the Deep Elf Hedge Wizard began the quest for the
                  | Orb.
     0 | D:1      | Reached XP level 1. HP: 10/10 MP: 7/7
   391 | D:1      | Reached XP level 2. HP: 16/16 MP: 2/9
   956 | D:1      | Reached skill level 5 in Spellcasting
  1393 | D:2      | Reached XP level 3. HP: 20/20 MP: 6/11
  1397 | D:2      | Learned a level 3 spell: Mephitic Cloud
  1400 | D:2      | Learned a level 2 spell: Call Imp
  1403 | D:2      | Learned a level 2 spell: Blink
  1407 | D:2      | Learned a level 3 spell: Conjure Flame
  1600 | D:2      | Reached skill level 1 in Fighting
  1600 | D:2      | Reached skill level 1 in Armour
  1998 | D:2      | Found a faded altar of an unknown god.
  2273 | D:2      | Reached XP level 4. HP: 25/25 MP: 6/13
  2555 | D:3      | Reached skill level 1 in Fire Magic
  2707 | D:3      | Reached skill level 6 in Spellcasting
  2744 | D:3      | Reached XP level 5. HP: 24/29 MP: 8/15
  2810 | D:3      | You fall into a shaft and drop 2 floors!
  2810 | D:5      | Entered Level 5 of the Dungeon
  2836 | D:5      | Found a stormy altar of Qazlal.
  2868 | D:4      | Reached skill level 1 in Air Magic
  3635 | D:3      | Noticed Robin
  3998 | D:3      | Killed Robin
  3999 | D:3      | Reached XP level 6. HP: 27/34 MP: 10/17
  4154 | D:3      | Reached skill level 1 in Poison Magic
  4429 | D:4      | Reached skill level 7 in Spellcasting
  4869 | D:4      | Reached XP level 7. HP: 39/39 MP: 15/20
  5048 | D:4      | Found a broken altar of Ashenzari.
  5581 | D:4      | Reached skill level 8 in Spellcasting
  6566 | D:6      | Reached XP level 8. HP: 21/44 MP: 9/22
  6567 | D:6      | Reached skill level 1 in Evocations
  6570 | D:6      | Reached skill level 9 in Spellcasting
  6665 | D:6      | Found a staircase to the Ecumenical Temple.
  6674 | Temple   | Entered the Ecumenical Temple
  6725 | Temple   | Became a worshipper of Vehumet
  7409 | D:7      | Noticed Prince Ribbit
  7439 | D:7      | Killed Prince Ribbit
  7440 | D:7      | Reached skill level 5 in Conjurations
  7625 | D:7      | Noticed a cyclops
  7649 | D:7      | Killed a cyclops
  7650 | D:7      | Reached skill level 10 in Spellcasting
  8092 | D:7      | Reached XP level 9. HP: 48/48 MP: 11/25
  8097 | D:7      | Reached skill level 5 in Fire Magic
  8269 | D:7      | Identified the +1 chain mail of Tulag {Contam Will+++
                  | Slay+5 Stlth-}
  8291 | D:7      | Reached * piety under Vehumet
  8291 | D:7      | Offered knowledge of Freeze by Vehumet.
  8299 | D:7      | Reached skill level 1 in Shields
  8465 | D:7      | Found an iron altar of Okawaru.
  8465 | D:7      | Found a bloodstained altar of Trog.
  8640 | D:7      | Reached skill level 11 in Spellcasting
  8844 | D:8      | Noticed a two-headed ogre
  8851 | D:8      | Noticed a troll
  8978 | D:8      | Noticed a two-headed ogre
  8993 | D:8      | Killed a two-headed ogre
  9179 | D:8      | Reached skill level 12 in Spellcasting
  9185 | D:8      | Killed a troll
  9470 | D:8      | Reached XP level 10. HP: 53/53 MP: 22/28
  9521 | D:8      | Reached ** piety under Vehumet
  9521 | D:8      | Offered knowledge of Searing Ray by Vehumet.
  9527 | D:8      | Killed a two-headed ogre
  9910 | D:8      | Found a staircase to the Lair.
 10021 | D:8      | Found a snail-covered altar of Cheibriados.
 10339 | D:8      | Found a hazy altar of Hepliaklqana.
 10340 | D:8      | Found a shadowy altar of Dithmenos.
 10458 | D:8      | Reached skill level 13 in Spellcasting
 11143 | D:9      | Found a white marble altar of Elyvilon.
 11144 | D:9      | Found a glowing golden altar of the Shining One.
 11145 | D:9      | Found a glowing silver altar of Zin.
 11252 | D:9      | Noticed a five-headed hydra
 11287 | D:9      | Killed a five-headed hydra
 11421 | D:9      | Offered knowledge of Frozen Ramparts by Vehumet.
 12001 | D:10     | Entered Level 10 of the Dungeon
 12010 | D:10     | Found an ancient bone altar of Kikubaaqudgha.
 12011 | D:10     | Noticed a two-headed ogre
 12053 | D:10     | Reached skill level 14 in Spellcasting
 12069 | D:10     | Reached XP level 11. HP: 56/60 MP: 11/31
 12251 | D:10     | Reached *** piety under Vehumet
 12437 | D:10     | Killed a two-headed ogre
 12567 | D:10     | Found a sacrificial altar of Ru.
 12568 | D:10     | Found a sparkling altar of Nemelex Xobeh.
 12721 | D:10     | Found Yroerul's Antique Armour Shop.
 12955 | D:10     | Offered knowledge of Hailstorm by Vehumet.
 13020 | D:10     | Found a staircase to the Orcish Mines.
 13252 | D:11     | Noticed a two-headed ogre
 13304 | D:11     | Found a frozen archway.
 13340 | IceCv    | Entered an ice cave
 13494 | IceCv    | Learned a level 4 spell: Summon Lightning Spire
 13706 | IceCv    | Killed a reaper
 14195 | IceCv    | Reached **** piety under Vehumet
 14853 | IceCv    | Gained mutation: You have sharp fingernails. [potion of
                  | mutation]
 14853 | IceCv    | Gained mutation: You evolve. [potion of mutation]
 14854 | IceCv    | Lost mutation: You have sharp fingernails. [potion of
                  | mutation]
 14854 | IceCv    | Gained mutation: You have sharp toenails. [potion of
                  | mutation]
 15108 | IceCv    | Engulfed by a cloud of freezing vapour

Illustrated notes

Levels and vault maps discovered:
D:1:      kennysheep_arrival_seaside, layout_loops_ring
D:2:      layout_basic, ebering_ecumenical_altar_sacrificial
D:3:      kennysheep_goblin_castle, layout_loops_cross
D:4:      kennysheep_spiral_hall, layout_basic, kennysheep_mini_moat
D:5:      layout_gridville, lemuel_crystal_altar, nicolae_underground_beach
D:6:      layout_cave_pools, minmay_temple_entry_glassed_door
D:7:      layout_basic, grunt_temple_overflow_bloody_war, wad_mini_maze,
          uniq_prince_ribbit1
D:8:      layout_basic, riverfiend_overflow_shadow_ancestor,
          cheibrodos_worm_habitat, erik_lair_island, minmay_joined_circles
D:9:      layout_basic, good_gods_temple_1
D:10:     layout_irregular_city, grunt_temple_overflow_open, hiddenorc1_lemuel,
          serial_shops, shop
D:11:     layout_stronghold, portal_ice_cave_demonic_guard, minivault_11,
          xom_teletrap_fun
Temple:   compressed_dpeg_triangle_lava_temple
IceCv:    ice_cave_small_demon

Skill      XL: |  1  2  3  4  5  6  7  8  9 10 11 |
---------------+----------------------------------+-----
Spellcasting   | 5 6 7 8 10 12 14 | 14.8
Fighting       | 1 2 3 4 |  4.1
Armour         | 1 3 |  3.7
Conjurations   | 2 3 4 5 7 8 9 |  9.0
Fire Magic     | 1 2 3 4 6 7 8 |  8.5
Dodging        | 3 |  3.0
Air Magic      | 1 |  1.0
Stealth        | 3 |  3.0
Poison Magic   | 1 |  1.0
Evocations     | 1 |  1.0
Shields        | 3 |  3.0
Summonings     | |  1.1
Translocations | |  1.1

Action                   |  1- 3 |  4- 6 |  7- 9 | 10-12 || total
-------------------------+-------+-------+-------+-------++-------
Melee: Dagger            |    11 |    25 |    36 |       ||    72
       Short sword       |       |     4 |       |       ||     4
       Whip              |       |       |    54 |   124 ||   178
 Fire: Arbalest          |       |       |       |   159 ||   159
 Cast: Magic Dart        |    95 |   165 |   196 |   248 ||   704
       Mephitic Cloud    |       |     4 |    28 |    26 ||    58
       Conjure Flame     |       |     2 |    25 |    58 ||    85
       Blink             |       |     1 |     2 |    30 ||    33
       Call Imp          |       |       |     8 |    52 ||    60
       Summon Lightning  |       |       |       |     4 ||     4
Evoke: Wand              |       |       |       |    24 ||    24
       Lightning rod     |       |       |       |     4 ||     4
  Use: Scroll            |       |       |       |    10 ||    10
       Potion            |       |       |       |     6 ||     6
 Stab: Confused          |       |     1 |    12 |     3 ||    16
       Sleeping          |       |     1 |       |       ||     1
Armor: Robe              |     3 |       |       |       ||     3
       Leather armour    |       |    12 |    23 |    39 ||    74
       Troll leather arm |       |       |     5 |   151 ||   156
Dodge: Dodged            |    15 |    38 |    78 |   340 ||   471

Table legend: (Time is in decaauts)
 A = Elapsed time spent in this place.
 B = Non-inter-level travel time spent in this place.
 C = Inter-level travel time spent in this place.
 D = Time resting spent in this place.
 E = Time spent auto-exploring this place.
 F = Levels seen in this place.
 G = Mean time per level.
                   A        B        C        D        E       F      G
               +--------+--------+--------+--------+--------+-----+--------+
         Total |  15318 |  14893 |    425 |   1764 |   9954 |  13 | 1178.3 |
       Dungeon |  13324 |  12916 |    408 |   1086 |   9688 |  11 | 1211.3 |
        Temple |     69 |     52 |     17 |      0 |     43 |   1 |   69.0 |
      Ice Cave |   1924 |   1924 |      0 |    677 |    223 |   1 | 1924.0 |
               +--------+--------+--------+--------+--------+-----+--------+

Top non-repeatable levels by time:
     D:8: 2041 daAuts
   IceCv: 1924 daAuts
     D:3: 1753 daAuts
     D:7: 1459 daAuts
     D:4: 1425 daAuts
     D:1: 1385 daAuts
    D:10: 1218 daAuts
     D:9: 1154 daAuts
     D:2: 991 daAuts
     D:6: 887 daAuts
     D:5: 884 daAuts
    D:11: 123 daAuts
  Temple: 69 daAuts
